[Event "FIDE Chesscom Grand Swiss 2019"]
[Site "Douglas-Isle of Man"]
[Date "2019.10.19"]
[Round "9.8"]
[White "Vovk, Andriy"]
[Black "Ganguly, Surya Shekhar"]
[Result "1/2-1/2"]
[ECO "C07"]
[WhiteElo "2618"]
[BlackElo "2658"]
[Annotator "RC"]
[PlyCount "113"]
[EventDate "2019.10.10"]
[EventType "swiss"]
[EventCountry "GBR"]
[SourceTitle "playchess.com"]
[Source "ChessBase"]
[SourceQuality "1"]
[TimeControl "40/6000+30:20/3000+30:900+30"]

1. e4 e6 2. d4 d5 3. Nd2 c5 4. exd5 Qxd5 5. Ngf3 cxd4 6. Bc4 Qd7 7. O-O Nc6 8. Nb3 a6 9. Nbxd4 Nxd4 10. Nxd4 Qc7 11. Bd3 Bd6 12. h3 Ne7 13. Qh5 Bd7 14. Re1 Qc5 15. Qxc5 Bxc5 16. Be3 Bd6 17. Rad1 O-O-O 18. Be4 h6 19. Bf3 Ba4 20. b3 Bd7 21. c3 Kc7 22. Kf1 Rhe8 23. Bh5 Rf8 24. Bf3 e5 25. Nc2 f5 26. Bb6+ Kxb6 27. Rxd6+ Kc7 28. Rdd1 e4 29. Be2 Bc8 30. c4 Ng8 31. Bh5 g5 32. Nd4 Rd6 33. Rd2 Nf6 34. Be2 f4 35. Red1 Rdd8 36. Kg1 h5 37. Nc2 b6 38. b4 Rxd2 39. Rxd2 Rd8 40. Nd4 g4 41. hxg4 hxg4 42. c5 bxc5 43. bxc5 Rd5 44. Nb3 Rxd2 45. Nxd2 Kc6 46. Nb3 Kd5 47. f3 exf3 48. gxf3 g3 49. Bd3 Ke5 50. c6 Kd5 51. c7 Ne8 52. Be4+ Ke5 53. Nc5 Kd4 54. Nd3 Ke3 55. Ne1 Kd4 56. Nd3 Ke3 57. Ne1 1/2-1/2

[Event "FIDE Chesscom Grand Swiss 2019"]
[Site "Douglas-Isle of Man"]
[Date "2019.10.19"]
[Round "9.9"]
[White "Erdos, Viktor"]
[Black "Sarana, Alexey"]
[Result "1/2-1/2"]
[ECO "B51"]
[WhiteElo "2604"]
[BlackElo "2655"]
[Annotator "RC"]
[PlyCount "66"]
[EventDate "2019.10.10"]
[EventType "swiss"]
[EventCountry "GBR"]
[SourceTitle "playchess.com"]
[Source "ChessBase"]
[SourceQuality "1"]
[TimeControl "40/6000+30:20/3000+30:900+30"]

1. e4 c5 2. Nf3 d6 3. Bb5+ Nd7 4. d4 Ngf6 5. O-O cxd4 6. Qxd4 e5 7. Qd3 Be7 8. c4 O-O 9. Bxd7 Bxd7 10. Nc3 Be6 11. Ng5 Qc7 12. Nxe6 fxe6 13. b3 Qc6 14. Qh3 d5 15. exd5 exd5 16. cxd5 Nxd5 17. Nxd5 Qxd5 18. Be3 Bc5 19. Bxc5 Qxc5 20. Qe6+ Kh8 21. Rac1 Qa5 22. Rc2 Rae8 23. Qd6 e4 24. Qc5 Qxc5 25. Rxc5 Rd8 26. Rc2 Rd4 27. Rfc1 h6 28. Kf1 Kh7 29. Ke2 Rfd8 30. Ke3 Rd3+ 31. Kxe4 R8d4+ 32. Ke5 Rd5+ 33. Ke4 R5d4+ 1/2-1/2

[Event "FIDE Chesscom Grand Swiss 2019"]
[Site "Douglas-Isle of Man"]
[Date "2019.10.19"]
[Round "9.10"]
[White "Saduakassova, Dinara"]
[Black "Oparin, Grigoriy"]
[Result "0-1"]
[ECO "E15"]
[WhiteElo "2481"]
[BlackElo "2654"]
[Annotator "RC"]
[PlyCount "68"]
[EventDate "2019.10.10"]
[EventType "swiss"]
[EventCountry "GBR"]
[SourceTitle "playchess.com"]
[Source "ChessBase"]
[SourceQuality "1"]
[TimeControl "40/6000+30:20/3000+30:900+30"]

1. d4 Nf6 2. c4 e6 3. Nf3 b6 4. g3 Ba6 5. Qc2 d5 6. cxd5 exd5 7. Nc3 c6 8. Bg2 Bb4 9. O-O O-O 10. Ne5 Re8 11. Bf4 Bxc3 12. bxc3 Qc8 13. c4 Qe6 14. Rfc1 Nbd7 15. cxd5 cxd5 16. Bf3 Nxe5 17. dxe5 Nd7 18. Qd2 Bc4 19. e4 dxe4 20. Bxe4 Rac8 21. Re1 Nc5 22. Bg2 Red8 23. Qc2 Nd3 24. Red1 Nxf4 25. Rxd8+ Rxd8 26. gxf4 g6 27. Rd1 Rxd1+ 28. Qxd1 Bxa2 29. Qd8+ Kg7 30. h4 h5 31. Kh2 Qf5 32. Qd4 Be6 33. Kg1 Qg4 34. Kf1 Qxh4 0-1

[Event "FIDE Chesscom Grand Swiss 2019"]
[Site "Douglas-Isle of Man"]
[Date "2019.10.19"]
[Round "9.11"]
[White "Sadhwani, Raunak"]
[Black "Motylev, Alexander"]
[Result "1-0"]
[ECO "A28"]
[WhiteElo "2479"]
[BlackElo "2651"]
[Annotator "ChessBase"]
[PlyCount "73"]
[EventDate "2019.10.10"]
[EventType "swiss"]
[EventCountry "GBR"]
[SourceTitle "playchess.com"]
[Source "ChessBase"]
[SourceQuality "1"]
[TimeControl "40/6000+30:20/3000+30:900+30"]

1. c4 e5 2. Nc3 Nf6 3. Nf3 Nc6 4. e4 Bb4 5. d3 d6 6. h3 a6 7. a3 Bc5 8. g3 h6 9. Bg2 Be6 10. O-O g5 11. Ne1 Nd4 12. Be3 b5 13. cxb5 Qd7 14. Bxd4 Bxd4 15. Nc2 Bb6 16. bxa6 Bxh3 17. Qf3 Qe6 18. d4 Bg4 19. Qd3 h5 20. a4 h4 21. a5 h3 22. Bf3 h2+ 23. Kg2 Bh3+ 24. Kh1 Bxf1 25. Qxf1 Ba7 26. Nb5 Qd7 27. dxe5 dxe5 28. Rd1 Qc6 29. Rc1 Nxe4 30. Bxe4 Qxe4+ 31. f3 Qa4 32. Nxc7+ Ke7 33. Qe2 Qxa5 34. Nb4 Kf8 35. Nxa8 Kg7 36. Nc6 Qd5 37. Nc7 1-0

[Event "FIDE Chesscom Grand Swiss 2019"]
[Site "Douglas-Isle of Man"]
[Date "2019.10.19"]
[Round "9.12"]
[White "Papaioannou, Ioannis"]
[Black "Yilmaz, Mustafa"]
[Result "1/2-1/2"]
[ECO "E04"]
[WhiteElo "2645"]
[BlackElo "2595"]
[Annotator "ChessBase"]
[PlyCount "79"]
[EventDate "2019.10.10"]
[EventType "swiss"]
[EventCountry "GBR"]
[SourceTitle "playchess.com"]
[Source "ChessBase"]
[SourceQuality "1"]
[TimeControl "40/6000+30:20/3000+30:900+30"]

1. d4 Nf6 2. c4 e6 3. g3 d5 4. Bg2 dxc4 5. Nf3 c5 6. O-O Nc6 7. dxc5 Qxd1 8. Rxd1 Bxc5 9. Nbd2 c3 10. bxc3 O-O 11. Nb3 Be7 12. Nfd4 Nxd4 13. cxd4 Nd5 14. Bd2 f5 15. Na5 b6 16. Nc6 Bf6 17. e3 Bb7 18. Nb4 Rab8 19. a4 Rfd8 20. a5 Nxb4 21. Bxb4 Bxg2 22. Kxg2 e5 23. dxe5 Bxe5 24. Rac1 Rxd1 25. Rxd1 bxa5 26. Bxa5 a6 27. Rd7 Rb5 28. Bd2 Rb6 29. Ra7 h5 30. Ba5 Rc6 31. h3 Rc4 32. Bd8 Ra4 33. Rd7 Rb4 34. Ra7 Ra4 35. Kf3 Kh7 36. Bb6 h4 37. Bd4 Bxd4 38. exd4 hxg3 39. fxg3 Rxd4 40. Rxa6 1/2-1/2

[Event "FIDE Chesscom Grand Swiss 2019"]
[Site "Douglas-Isle of Man"]
[Date "2019.10.19"]
[Round "9.13"]
[White "Nihal Sarin"]
[Black "Chigaev, Maksim"]
[Result "0-1"]
[ECO "D85"]
[WhiteElo "2610"]
[BlackElo "2644"]
[Annotator "ChessBase"]
[PlyCount "126"]
[EventDate "2019.10.10"]
[EventType "swiss"]
[EventCountry "GBR"]
[SourceTitle "playchess.com"]
[Source "ChessBase"]
[SourceQuality "1"]
[TimeControl "40/6000+30:20/3000+30:900+30"]

1. d4 Nf6 2. c4 g6 3. Nc3 d5 4. cxd5 Nxd5 5. e4 Nxc3 6. bxc3 Bg7 7. Qa4+ Nd7 8. Nf3 O-O 9. Be2 Nb6 10. Qa3 Qd6 11. O-O Be6 12. Re1 Qxa3 13. Bxa3 Rfe8 14. Nd2 c6 15. Nb3 Bxb3 16. axb3 e5 17. dxe5 Bxe5 18. Rac1 Bf4 19. Rcd1 Rxe4 20. Bf3 Rxe1+ 21. Rxe1 Bh6 22. Rd1 Bf8 23. Bc1 Bg7 24. c4 a5 25. c5 Nd5 26. Bxd5 cxd5 27. Rxd5 a4 28. bxa4 Rxa4 29. Rd8+ Bf8 30. Bb2 Rb4 31. Rd2 f5 32. g3 Bxc5 33. Kg2 Kf7 34. h4 b6 35. Be5 Ra4 36. f4 Ra7 37. Rd8 Rb7 38. Kf3 Bf8 39. g4 b5 40. h5 fxg4+ 41. Kxg4 gxh5+ 42. Kxh5 b4 43. Kg4 b3 44. Bb2 Bg7 45. Bc1 b2 46. Bxb2 Bxb2 47. Rd5 Bf6 48. Ra5 Kg6 49. Rc5 Rb1 50. f5+ Kh6 51. Rc7 Rb4+ 52. Kf3 Rh4 53. Rf7 Kg5 54. Kg3 h5 55. Ra7 Be5+ 56. Kg2 Kxf5 57. Ra5 Rh2+ 58. Kg1 Rd2 59. Ra4 Bf4 60. Ra3 Kg4 61. Kh1 Be5 62. Rb3 h4 63. Rb1 Kh3 0-1

[Event "FIDE Chesscom Grand Swiss 2019"]
[Site "Douglas-Isle of Man"]
[Date "2019.10.19"]
[Round "9.14"]
[White "Bluebaum, Matthias"]
[Black "Puranik, Abhimanyu"]
[Result "1/2-1/2"]
[ECO "D87"]
[WhiteElo "2643"]
[BlackElo "2571"]
[Annotator "ChessBase"]
[PlyCount "91"]
[EventDate "2019.10.10"]
[EventType "swiss"]
[EventCountry "GBR"]
[SourceTitle "playchess.com"]
[Source "ChessBase"]
[SourceQuality "1"]
[TimeControl "40/6000+30:20/3000+30:900+30"]

1. d4 Nf6 2. c4 g6 3. Nc3 d5 4. cxd5 Nxd5 5. e4 Nxc3 6. bxc3 Bg7 7. Bc4 c5 8. Ne2 Nc6 9. Be3 O-O 10. Rc1 Na5 11. Bd3 b6 12. O-O Bb7 13. Qd2 Rc8 14. d5 e6 15. c4 Qd7 16. Bh6 Bxh6 17. Qxh6 b5 18. Rfd1 Nxc4 19. Bxc4 bxc4 20. Nc3 exd5 21. exd5 Qf5 22. Qh4 Rfe8 23. Qxc4 Re5 24. h3 Qd7 25. Rb1 Ba8 26. Rb2 Qe7 27. d6 Qd7 28. Qf4 Re6 29. h4 h5 30. Kh2 Rce8 31. f3 Bc6 32. Rbd2 Re5 33. Rd3 Rf5 34. Qh6 Rfe5 35. R1d2 R5e6 36. Qf4 Re5 37. Nd1 Rf5 38. Qh6 Rfe5 39. Nc3 R5e6 40. Qf4 Re5 41. Nd5 Bxd5 42. Rxd5 Rxd5 43. Rxd5 Re6 44. Qd2 c4 45. Qd4 c3 46. Qxc3 1/2-1/2

[Event "FIDE Chesscom Grand Swiss 2019"]
[Site "Douglas-Isle of Man"]
[Date "2019.10.19"]
[Round "9.15"]
[White "Lu, Shanglei"]
[Black "Kuzubov, Yuriy"]
[Result "0-1"]
[ECO "B11"]
[WhiteElo "2602"]
[BlackElo "2636"]
[Annotator "ChessBase"]
[PlyCount "68"]
[EventDate "2019.10.10"]
[EventType "swiss"]
[EventCountry "GBR"]
[SourceTitle "playchess.com"]
[Source "ChessBase"]
[SourceQuality "1"]
[TimeControl "40/6000+30:20/3000+30:900+30"]

1. e4 c6 2. Nc3 d5 3. Nf3 Bg4 4. h3 Bxf3 5. Qxf3 Nf6 6. d3 e6 7. Qg3 d4 8. Nd1 c5 9. Be2 Nc6 10. O-O h5 11. f4 h4 12. Qe1 Be7 13. Nf2 e5 14. c4 exf4 15. Bxf4 Bd6 16. Bg5 Bg3 17. b4 Qd6 18. bxc5 Qe5 19. Qc1 Nd7 20. Ng4 Qc7 21. Rf5 f6 22. Rb1 Ne7 23. Bf4 Bxf4 24. Rxf4 Nxc5 25. e5 f5 26. Nf6+ gxf6 27. exf6 Qe5 28. Qa3 Rc8 29. Rbf1 Qxe2 30. fxe7 Rg8 31. R1f2 Qe1+ 32. Kh2 Qe5 33. Kg1 Rg5 34. Kf1 Rc7 0-1

[Event "FIDE Chesscom Grand Swiss 2019"]
[Site "Douglas-Isle of Man"]
[Date "2019.10.19"]
[Round "9.16"]
[White "Najer, Evgeniy"]
[Black "Soumya, Swaminathan"]
[Result "1-0"]
[ECO "B48"]
[WhiteElo "2635"]
[BlackElo "2365"]
[Annotator "ChessBase"]
[PlyCount "65"]
[EventDate "2019.10.10"]
[EventType "swiss"]
[EventCountry "GBR"]
[SourceTitle "playchess.com"]
[Source "ChessBase"]
[SourceQuality "1"]
[TimeControl "40/6000+30:20/3000+30:900+30"]

1. e4 c5 2. Nf3 e6 3. d4 cxd4 4. Nxd4 Nc6 5. Nc3 Qc7 6. Be3 a6 7. Bd3 b5 8. Nxc6 Qxc6 9. Qe2 Bb7 10. O-O-O Qc7 11. Kb1 Nf6 12. Bd4 b4 13. e5 bxc3 14. exf6 gxf6 15. Bxc3 Be7 16. Qg4 h5 17. Qg7 O-O-O 18. Bxf6 Rhg8 19. Qh6 Bxf6 20. Qxf6 Rxg2 21. h3 Qc5 22. Rhf1 a5 23. a3 Bc6 24. Rde1 Kc7 25. Be4 Bxe4 26. Rxe4 Rg5 27. Qf4+ Kb6 28. Rc4 Qe5 29. Qd2 d5 30. f4 Qf6 31. Qf2+ Kb7 32. Rc3 Rgg8 33. Qc5 1-0

[Event "FIDE Chesscom Grand Swiss 2019"]
[Site "Douglas-Isle of Man"]
[Date "2019.10.19"]
[Round "9.17"]
[White "Alekseev, Evgeny"]
[Black "Bjerre, Jonas Buhl"]
[Result "1/2-1/2"]
[ECO "B52"]
[WhiteElo "2629"]
[BlackElo "2506"]
[Annotator "ChessBase"]
[PlyCount "93"]
[EventDate "2019.10.10"]
[EventType "swiss"]
[EventCountry "GBR"]
[SourceTitle "playchess.com"]
[Source "ChessBase"]
[SourceQuality "1"]
[TimeControl "40/6000+30:20/3000+30:900+30"]

1. e4 c5 2. Nf3 d6 3. Bb5+ Bd7 4. Bxd7+ Nxd7 5. O-O Ngf6 6. Qe2 e6 7. c3 Be7 8. d4 O-O 9. e5 Ne8 10. dxc5 Nxc5 11. Rd1 Qb6 12. c4 dxe5 13. Nxe5 Nf6 14. Nc3 Rfd8 15. Be3 Qc7 16. Bf4 Qb6 17. h3 a6 18. Rab1 Rxd1+ 19. Rxd1 Rd8 20. Rxd8+ Qxd8 21. b4 Ncd7 22. c5 Nxe5 23. Bxe5 Nd5 24. Qd1 f6 25. Nxd5 Qxd5 26. Qxd5 exd5 27. Bd4 Kf7 28. Kf1 Ke6 29. a4 h5 30. Ke2 Bd8 31. Kd3 Bc7 32. b5 axb5 33. axb5 Ba5 34. Be3 Bc7 35. h4 Bd8 36. Bf4 g5 37. Bh2 gxh4 38. Kd4 Ba5 39. Bf4 Be1 40. Be3 f5 41. f3 Bg3 42. f4 Be1 43. Kd3 Bb4 44. Bf2 Ba3 45. Bd4 Bb4 46. Be3 Kd7 47. Bd4 1/2-1/2

[Event "FIDE Chesscom Grand Swiss 2019"]
[Site "Douglas-Isle of Man"]
[Date "2019.10.19"]
[Round "9.20"]
[White "Demchenko, Anton"]
[Black "L'Ami, Erwin"]
[Result "*"]
[ECO "C54"]
[WhiteElo "2655"]
[BlackElo "2619"]
[Annotator "RC"]
[PlyCount "39"]
[EventDate "2019.10.10"]
[EventType "swiss"]
[EventCountry "GBR"]
[SourceTitle "playchess.com"]
[Source "ChessBase"]
[SourceQuality "1"]
[TimeControl "40/6000+30:20/3000+30:900+30"]

1. e4 e5 2. Nf3 Nc6 3. Bc4 Bc5 4. d3 Nf6 5. O-O h6 6. c3 d6 7. Nbd2 O-O 8. h3 a6 9. a4 Ba7 10. Re1 Re8 11. b4 Be6 12. Bxe6 Rxe6 13. Bb2 Ne7 14. Nf1 Nh5 15. Ne3 Nf4 16. g3 Nxh3+ 17. Kg2 Ng5 18. Nxg5 hxg5 19. Qh5 Bxe3 20. Rxe3 *

[Event "FIDE Chesscom Grand Swiss 2019"]
[Site "Douglas-Isle of Man"]
[Date "2019.10.19"]
[Round "9.20"]
[White "Christiansen, Johan-Sebastian"]
[Black "Movsesian, Sergei"]
[Result "0-1"]
[ECO "B48"]
[WhiteElo "2558"]
[BlackElo "2654"]
[Annotator "ChessBase"]
[PlyCount "84"]
[EventDate "2019.10.10"]
[EventType "swiss"]
[EventCountry "GBR"]
[SourceTitle "playchess.com"]
[Source "ChessBase"]
[SourceQuality "1"]
[TimeControl "40/6000+30:20/3000+30:900+30"]

1. e4 c5 2. Nf3 e6 3. d4 cxd4 4. Nxd4 Nc6 5. Nc3 Qc7 6. Be3 a6 7. Qf3 Bd6 8. O-O-O Be5 9. Nxc6 bxc6 10. Bd4 Bxd4 11. Rxd4 Nf6 12. Qe3 e5 13. Rd2 d6 14. Be2 O-O 15. f4 Rb8 16. fxe5 dxe5 17. Bc4 Qa5 18. Rf1 Qb4 19. b3 Qa3+ 20. Kb1 Qb4 21. Ka1 a5 22. Rd3 Be6 23. Bxe6 fxe6 24. Rfd1 Kh8 25. Qg3 Qc5 26. Qe3 Qb4 27. Qg3 Qc5 28. Kb2 h6 29. Qe3 Qb4 30. Qg3 a4 31. Qe1 c5 32. a3 Qa5 33. Rd6 axb3 34. cxb3 Rb7 35. Qd2 Kh7 36. Ka2 c4 37. Rb1 Ra8 38. Qc1 Qb4 39. bxc4 Qxc4+ 40. Ka1 Rxb1+ 41. Kxb1 Rb8+ 42. Ka1 Nxe4 0-1

[Event "FIDE Chesscom Grand Swiss 2019"]
[Site "Douglas-Isle of Man"]
[Date "2019.10.19"]
[Round "9.21"]
[White "Riazantsev, Alexander"]
[Black "Gonzalez Vidal, Yuri"]
[Result "1-0"]
[ECO "C45"]
[WhiteElo "2645"]
[BlackElo "2552"]
[Annotator "ChessBase"]
[PlyCount "93"]
[EventDate "2019.10.10"]
[EventType "swiss"]
[EventCountry "GBR"]
[SourceTitle "playchess.com"]
[Source "ChessBase"]
[SourceQuality "1"]
[TimeControl "40/6000+30:20/3000+30:900+30"]

1. e4 e5 2. Nf3 Nc6 3. d4 exd4 4. Nxd4 Bc5 5. Nb3 Bb6 6. Qe2 d6 7. Nc3 Nf6 8. Be3 O-O 9. O-O-O Be6 10. Kb1 Re8 11. f3 d5 12. Bg5 d4 13. Na4 Qe7 14. Qe1 h6 15. Bh4 Bxb3 16. cxb3 Ba5 17. Qf2 a6 18. Qc2 Bb4 19. a3 Bd6 20. b4 Rab8 21. Be2 Red8 22. Rhe1 Bf4 23. Nc5 Be3 24. Nxa6 bxa6 25. Qxc6 a5 26. Qc5 Qe8 27. Bxf6 gxf6 28. Qxa5 c5 29. Qxc5 Rdc8 30. Qd5 Qa4 31. Bc4 Rc7 32. Bb3 Qa6 33. f4 Bxf4 34. Rxd4 Be5 35. Rc4 Rxc4 36. Qxc4 Qa7 37. Rd1 Qf2 38. Qc2 Qa7 39. g3 Qb7 40. Bd5 Qe7 41. Rc1 Kg7 42. Qc5 Qd7 43. Rc2 Qg4 44. Ka2 Qd1 45. Bb3 Rd8 46. b5 Qd7 47. Bd5 1-0

[Event "FIDE Chesscom Grand Swiss 2019"]
[Site "Douglas-Isle of Man"]
[Date "2019.10.19"]
[Round "9.22"]
[White "Demchenko, Anton"]
[Black "L'Ami, Erwin"]
[Result "0-1"]
[ECO "C54"]
[WhiteElo "2655"]
[BlackElo "2619"]
[Annotator "RC"]
[PlyCount "76"]
[EventDate "2019.10.10"]
[EventType "swiss"]
[EventCountry "GBR"]
[SourceTitle "playchess.com"]
[Source "ChessBase"]
[SourceQuality "1"]
[TimeControl "40/6000+30:20/3000+30:900+30"]

1. e4 e5 2. Nf3 Nc6 3. Bc4 Bc5 4. d3 Nf6 5. O-O h6 6. c3 d6 7. Nbd2 O-O 8. h3 a6 9. a4 Ba7 10. Re1 Re8 11. b4 Be6 12. Bxe6 Rxe6 13. Bb2 Ne7 14. Nf1 Nh5 15. Ne3 Nf4 16. g3 Nxh3+ 17. Kg2 Ng5 18. Nxg5 hxg5 19. Qh5 Bxe3 20. Rxe3 Rg6 21. Rh1 f6 22. Qd1 Rh6 23. Ree1 Qe8 24. d4 Qf7 25. dxe5 dxe5 26. Rxh6 gxh6 27. Rh1 Kg7 28. Qd7 Nc8 29. Qh3 h5 30. f4 Nd6 31. fxe5 Nxe4 32. Qf5 Rd8 33. Re1 Rd2+ 34. Kg1 Nxg3 35. Qf3 Rxb2 36. Qxg3 Qd5 37. e6 h4 38. Qg4 Qd2 0-1

[Event "FIDE Chesscom Grand Swiss 2019"]
[Site "Douglas-Isle of Man"]
[Date "2019.10.19"]
[Round "9.22"]
[White "Riazantsev, Alexander"]
[Black "Gonzalez Vidal, Yuri"]
[Result "*"]
[ECO "C45"]
[WhiteElo "2645"]
[BlackElo "2552"]
[Annotator "ChessBase"]
[PlyCount "22"]
[EventDate "2019.10.10"]
[EventType "swiss"]
[EventCountry "GBR"]
[SourceTitle "playchess.com"]
[Source "ChessBase"]
[SourceQuality "1"]
[TimeControl "40/6000+30:20/3000+30:900+30"]

1. e4 e5 2. Nf3 Nc6 3. d4 exd4 4. Nxd4 Bc5 5. Nb3 Bb6 6. Qe2 d6 7. Nc3 Nf6 8. Be3 O-O 9. O-O-O Be6 10. Kb1 Re8 11. f3 d5 *

[Event "FIDE Chesscom Grand Swiss 2019"]
[Site "Douglas-Isle of Man"]
[Date "2019.10.19"]
[Round "9.23"]
[White "Zvjaginsev, Vadim"]
[Black "Keymer, Vincent"]
[Result "1/2-1/2"]
[ECO "A17"]
[WhiteElo "2644"]
[BlackElo "2506"]
[Annotator "ChessBase"]
[PlyCount "100"]
[EventDate "2019.10.10"]
[EventType "swiss"]
[EventCountry "GBR"]
[SourceTitle "playchess.com"]
[Source "ChessBase"]
[SourceQuality "1"]
[TimeControl "40/6000+30:20/3000+30:900+30"]

1. c4 e6 2. Nc3 Nf6 3. Nf3 d5 4. e3 dxc4 5. Bxc4 a6 6. a4 c5 7. b3 Nc6 8. Bb2 Be7 9. g4 h6 10. Rg1 b6 11. h4 Nd7 12. Ne4 Nf6 13. Qb1 Bb7 14. g5 Nxe4 15. Qxe4 Na5 16. Qf4 Nxc4 17. bxc4 hxg5 18. hxg5 f6 19. gxf6 Bxf6 20. Ne5 Qd6 21. O-O-O O-O-O 22. d3 Rh5 23. Nf7 Qxf4 24. exf4 Rd7 25. Ng5 Re7 26. Rde1 Bxg5 27. Rxg5 Rxg5 28. fxg5 Kd7 29. g6 e5 30. Rxe5 Rxe5 31. Bxe5 Bf3 32. a5 b5 33. cxb5 axb5 34. Bxg7 Bh5 35. Bf8 Bxg6 36. Kd2 Kc6 37. a6 Kb6 38. Bxc5+ Kxa6 39. d4 Bf7 40. Ke3 Kb7 41. Ke4 Kc6 42. Ke5 Bc4 43. f4 Bb3 44. f5 Bc4 45. Bb4 Bb3 46. Bc3 Bc4 47. Kf6 Kd7 48. Kg7 Ke8 49. Kg6 Bb3 50. Kf6 Kd7 1/2-1/2

[Event "FIDE Chesscom Grand Swiss 2019"]
[Site "Douglas-Isle of Man"]
[Date "2019.10.19"]
[Round "9.24"]
[White "Piorun, Kacper"]
[Black "Kashlinskaya, Alina"]
[Result "0-1"]
[ECO "A21"]
[WhiteElo "2643"]
[BlackElo "2481"]
[Annotator "ChessBase"]
[PlyCount "116"]
[EventDate "2019.10.10"]
[EventType "swiss"]
[EventCountry "GBR"]
[SourceTitle "playchess.com"]
[Source "ChessBase"]
[SourceQuality "1"]
[TimeControl "40/6000+30:20/3000+30:900+30"]

1. c4 e5 2. Nc3 Bb4 3. Nd5 Be7 4. Nf3 d6 5. d4 Nf6 6. Nxe7 Qxe7 7. e3 O-O 8. Be2 exd4 9. Nxd4 Rd8 10. O-O c5 11. Nf3 Bf5 12. Bd2 Ne4 13. Qb3 Nxd2 14. Nxd2 Nc6 15. Rfe1 Be6 16. e4 a6 17. Qc3 Nd4 18. Bf1 b5 19. Rac1 Rab8 20. b3 b4 21. Qa1 Rb6 22. Re3 Rdb8 23. Bd3 a5 24. f4 a4 25. Rf1 Bd7 26. Qb1 axb3 27. axb3 Ra8 28. e5 f5 29. Nf3 Nxf3+ 30. Rfxf3 Rba6 31. Rf1 g6 32. e6 Bc6 33. Qe1 Ra2 34. Be2 Qf6 35. Bf3 Bxf3 36. Rexf3 Kf8 37. Rd3 Rc2 38. Kh1 Raa2 39. Rg1 Re2 40. Qd1 Rxe6 41. h3 Ke7 42. Re1 Kd7 43. Rxe6 Qxe6 44. Kh2 Kc7 45. Rd2 Rxd2 46. Qxd2 Qe4 47. g3 d5 48. Qa2 dxc4 49. Qa7+ Kc6 50. Qa8+ Kd7 51. Qa7+ Ke6 52. Qb6+ Kf7 53. Qxc5 Qc2+ 54. Kg1 cxb3 55. Qd5+ Ke7 56. Qe5+ Kd7 57. Qd5+ Kc7 58. Qa5+ Kc6 0-1

[Event "FIDE Chesscom Grand Swiss 2019"]
[Site "Douglas-Isle of Man"]
[Date "2019.10.19"]
[Round "9.25"]
[White "Adly, Ahmed"]
[Black "Stefanova, Antoaneta"]
[Result "1-0"]
[ECO "D78"]
[WhiteElo "2636"]
[BlackElo "2479"]
[Annotator "ChessBase"]
[PlyCount "121"]
[EventDate "2019.10.10"]
[EventType "swiss"]
[EventCountry "GBR"]
[SourceTitle "playchess.com"]
[Source "ChessBase"]
[SourceQuality "1"]
[TimeControl "40/6000+30:20/3000+30:900+30"]

1. d4 Nf6 2. c4 g6 3. g3 c6 4. Bg2 d5 5. Nf3 Bg7 6. O-O O-O 7. a4 a5 8. Na3 Be6 9. Bf4 h6 10. Qb3 Ra7 11. Rfc1 Nbd7 12. Ne5 dxc4 13. Qd1 Nd5 14. Naxc4 Nxe5 15. Bxe5 f6 16. Bf4 g5 17. Bd2 f5 18. Ra3 f4 19. Be1 Nb4 20. Bxb4 axb4 21. Rd3 Qe8 22. b3 Qf7 23. d5 cxd5 24. Bxd5 Bxd5 25. Rxd5 fxg3 26. fxg3 Ra6 27. Rd8 Qf2+ 28. Kh1 Re6 29. Rxf8+ Bxf8 30. e3 Rf6 31. Qd5+ e6 32. Qg2 Bc5 33. Rd1 Bxe3 34. Rd8+ Rf8 35. Rxf8+ Kxf8 36. Qxf2+ Bxf2 37. Kg2 Bc5 38. g4 Kg7 39. Kf3 Kf6 40. Ke4 Ke7 41. Na5 b6 42. Nc6+ Kd6 43. Ne5 Ke7 44. h3 Bd6 45. Nd3 Kf6 46. Kd4 h5 47. Kc4 hxg4 48. hxg4 Bg3 49. Kd4 Bd6 50. Ke4 Ke7 51. Ke3 Kf7 52. Ke4 Ke7 53. Ne5 Bc7 54. Nc6+ Kd6 55. Nxb4 Bd8 56. Kd4 Bf6+ 57. Kc4 Ke5 58. Nc6+ Kf4 59. b4 e5 60. a5 e4 61. axb6 1-0

[Event "FIDE Chesscom Grand Swiss 2019"]
[Site "Douglas-Isle of Man"]
[Date "2019.10.19"]
[Round "9.27"]
[White "Parligras, Mircea-Emilian"]
[Black "Munguntuul, Batkhuyag"]
[Result "1-0"]
[ECO "B47"]
[WhiteElo "2629"]
[BlackElo "2421"]
[Annotator "ChessBase"]
[PlyCount "101"]
[EventDate "2019.10.10"]
[EventType "swiss"]
[EventCountry "GBR"]
[SourceTitle "playchess.com"]
[Source "ChessBase"]
[SourceQuality "1"]
[TimeControl "40/6000+30:20/3000+30:900+30"]

1. e4 c5 2. Nf3 e6 3. d4 cxd4 4. Nxd4 Nc6 5. Nc3 Qc7 6. Qd3 Nf6 7. Ndb5 Qb8 8. Qg3 d6 9. Be3 a6 10. Nd4 Bd7 11. f4 Be7 12. Bd3 b5 13. O-O-O O-O 14. Kb1 Qb7 15. e5 Ne8 16. h4 f5 17. exf6 Bxf6 18. Nce2 Nb4 19. h5 Nxd3 20. Rxd3 b4 21. h6 g6 22. Re1 a5 23. Qf3 Qxf3 24. Nxf3 Ra6 25. Bd4 Be7 26. g3 a4 27. Nc1 Ra5 28. Rde3 Rh5 29. b3 Rxh6 30. Nd3 axb3 31. axb3 Nc7 32. Nxb4 Rb8 33. Nd3 Rh5 34. Bb2 Ra5 35. Nf2 Nd5 36. Rd3 Rba8 37. Ne4 h6 38. Rh1 Nb4 39. Rd4 d5 40. Rxh6 Nc6 41. Neg5 Be8 42. Rxd5 e5 43. Rxa5 Rxa5 44. fxe5 Bxg5 45. Nxg5 Nxe5 46. Rh7 Nf7 47. Rg7+ Kf8 48. Nh7+ Ke7 49. Rxg6 Rh5 50. Ba3+ Kd8 51. Nf6 1-0

[Event "FIDE Chesscom Grand Swiss 2019"]
[Site "Douglas-Isle of Man"]
[Date "2019.10.19"]
[Round "9.28"]
[White "Akobian, Varuzhan"]
[Black "Ushenina, Anna"]
[Result "1-0"]
[ECO "E20"]
[WhiteElo "2625"]
[BlackElo "2431"]
[Annotator "ChessBase"]
[PlyCount "65"]
[EventDate "2019.10.10"]
[EventType "swiss"]
[EventCountry "GBR"]
[SourceTitle "playchess.com"]
[Source "ChessBase"]
[SourceQuality "1"]
[TimeControl "40/6000+30:20/3000+30:900+30"]

1. d4 Nf6 2. c4 e6 3. Nc3 Bb4 4. g3 c5 5. d5 exd5 6. cxd5 d6 7. Bg2 O-O 8. Nf3 Ne4 9. Qc2 Qf6 10. Bd2 Nxd2 11. Nxd2 Nd7 12. O-O Qd8 13. e4 a6 14. a4 Rb8 15. Nc4 Nb6 16. Ne3 Nd7 17. f4 b5 18. axb5 axb5 19. Kh1 Re8 20. g4 g6 21. g5 h5 22. h4 c4 23. e5 Qb6 24. Rae1 dxe5 25. f5 Bxc3 26. fxg6 fxg6 27. Rf6 Nxf6 28. Qxg6+ Kf8 29. Rf1 Ke7 30. Rxf6 Qc5 31. Rf7+ Kd8 32. Qf6+ Re7 33. d6 1-0

[Event "FIDE Chesscom Grand Swiss 2019"]
[Site "Douglas-Isle of Man"]
[Date "2019.10.19"]
[Round "9.30"]
[White "Danielian, Elina"]
[Black "Iturrizaga Bonelli, Eduardo"]
[Result "1/2-1/2"]
[ECO "E53"]
[WhiteElo "2385"]
[BlackElo "2629"]
[Annotator "ChessBase"]
[PlyCount "80"]
[EventDate "2019.10.10"]
[EventType "swiss"]
[EventCountry "GBR"]
[SourceTitle "playchess.com"]
[Source "ChessBase"]
[SourceQuality "1"]
[TimeControl "40/6000+30:20/3000+30:900+30"]

1. d4 Nf6 2. c4 e6 3. Nc3 Bb4 4. e3 O-O 5. Bd3 d5 6. Nf3 c5 7. O-O b6 8. cxd5 exd5 9. Ne5 Bxc3 10. bxc3 Ba6 11. dxc5 Qc7 12. Nf3 Qxc5 13. Bxa6 Nxa6 14. Qd3 Qc4 15. Qxc4 dxc4 16. Ba3 Rfd8 17. Nd4 Ne4 18. Rfc1 Rd7 19. Rc2 Re8 20. Rb1 g6 21. f3 Nec5 22. Bxc5 Nxc5 23. e4 Kg7 24. h4 Ne6 25. Rb4 Nxd4 26. cxd4 Rxd4 27. Rbxc4 Red8 28. Rc7 R8d7 29. Rxd7 Rxd7 30. Kf2 Rd4 31. Ke3 Ra4 32. Kf4 Ra5 33. Ke3 Kf6 34. g4 h6 35. f4 Kg7 36. Kd4 Ra3 37. g5 Rh3 38. gxh6+ Kxh6 39. Rc7 Kg7 40. Rxa7 Rxh4 1/2-1/2